 Dungeon Crawl Stone Soup version 0.21.1-1-g345015fe64 (webtiles) character file.

126306 Truffans the Martial Artist (level 16, -3/124 HPs)
             Began as a Gnoll Transmuter on Apr 9, 2018.
             Was a High Priest of Cheibriados.
             Shot with an arrow by a naga sharpshooter (13 damage)
             ... led by Vashnia
             ... on level 3 of the Snake Pit on Apr 12, 2018.
             The game lasted 01:59:08 (27454 turns).

Truffans the Martial Artist (Gnoll Transmuter)     Turns: 27454, Time: 01:59:09

Health: -3/124     AC: 12    Str: 26    XL:     16   Next: 98%
Magic:  26/31      EV: 29    Int: 36    God:    Cheibriados [*****.]
Gold:   2299       SH:  4    Dex: 24    Spells: 11/38 levels left

rFire    . . .     SeeInvis .   J - +1 shortbow (velocity)
rCold    . . .     Gourm    .   (shield currently unavailable)
rNeg     . . .     Faith    .   F - +2 leather armour "Vimm" {Dex-4 Slay+6}
rPois    +         Spirit   .   (helmet restricted)
rElec    .         Reflect  +   m - +1 cloak
rCorr    .         Harm     .   i - +1 pair of gloves
MR       +....                  N - +0 pair of boots
Stlth    +++++.....             x - +4 amulet of reflection
HPRegen  0.70/turn              Y - ring of poison resistance
MPRegen  0.22/turn              A - +6 ring of evasion

@: very slow
A: distributed training, fangs 1, horns 1, talons 1, mutation resistance 1,
regeneration 1, strong nose
a: Bend Time, Temporal Distortion, Slouch, Step From Time, Renounce Religion


You were on level 3 of the Snake Pit.
You worshipped Cheibriados.
Cheibriados was extremely pleased with you.
You were not hungry.

You visited 4 branches of the dungeon, and saw 24 of its levels.
You also visited: Labyrinth and Ice Cave.

You collected 2299 gold pieces.

Inventory:

Hand Weapons
 r - a +0 fustibalus of flaming
 J - a +1 shortbow of velocity (weapon)
 O - a +0 shortbow of venom
 X - a cursed -1 blowgun
Missiles
 a - 374 arrows (quivered)
 l - 659 stones
 B - 102 bolts
 K - 131 sling bullets
Armour
 i - a +1 pair of gloves (worn)
 m - a +1 cloak (worn)
 u - a +2 buckler
 F - the +2 leather armour "Vimm" (worn) {Dex-4 Slay+6}
   (You found it in a labyrinth)

   It affects your dexterity (-4).
   It affects your accuracy and damage with ranged weapons and melee attacks
   (+6).
 N - a +0 pair of boots (worn)
Magical Staves
 S - an uncursed staff of wizardry
Jewellery
 c - the ring of Newio {+Fly rF- rN++ Stlth+}
   (You took it off a minotaur in a labyrinth)

   [ring of flight]

   It makes you vulnerable to fire.
   It greatly protects you from negative energy.
   It lets you fly.
   It makes you more stealthy.
 g - an uncursed ring of flight
 t - an uncursed ring of see invisible
 v - an uncursed ring of resist corrosion
 x - a +4 amulet of reflection (around neck)
 z - an uncursed amulet of magic regeneration {unknown}
 A - a +6 ring of evasion (right hand)
 E - a +3 ring of protection
 G - an uncursed ring of positive energy
 L - an uncursed ring of protection from fire
 M - an uncursed ring of wizardry
 V - an uncursed ring of protection from magic
 W - an uncursed ring of teleportation
 Y - a ring of poison resistance (left hand)
Wands
 b - a wand of disintegration (12)
 k - a wand of acid (2)
 s - a wand of scattershot (4)
 R - a wand of digging (15)
 T - a wand of iceblast (9)
Scrolls
 e - a scroll of holy word
 h - 11 scrolls of remove curse
 j - 9 scrolls of teleportation
 q - a scroll of immolation
 w - a scroll of acquirement {unknown}
 y - a scroll of fog {unknown}
 H - 2 scrolls of fear
 I - a scroll of enchant armour
 U - a scroll of summoning {unknown}
Potions
 f - a potion of invisibility
 o - 2 potions of might
 p - a potion of heal wounds
 D - 3 potions of lignification
 P - 8 potions of curing
 Q - a potion of brilliance
Miscellaneous
 n - a crystal ball of energy
 C - a lamp of fire (inert)
Comestibles
 d - 46 rations


   Skills:
 + Level 10.9 Fighting
 + Level 10.6 Short Blades
 + Level 10.6 Long Blades
 + Level 10.6 Axes
 + Level 10.6 Maces & Flails
 + Level 10.6 Polearms
 + Level 10.6 Staves
 + Level 10.6 Slings
 + Level 10.6 Bows
 + Level 10.6 Crossbows
 + Level 10.6 Throwing
 + Level 10.6 Armour
 + Level 11.4 Dodging
 + Level 10.6 Stealth
 + Level 10.6 Shields
 + Level 12.2 Unarmed Combat
 + Level 11.6 Spellcasting
 + Level 9.0 Conjurations
 + Level 9.0 Hexes
 + Level 9.0 Charms
 + Level 9.0 Summonings
 + Level 9.0 Necromancy
 + Level 9.0 Translocations
 + Level 9.8 Transmutations
 + Level 9.0 Fire Magic
 + Level 9.0 Ice Magic
 + Level 9.0 Air Magic
 + Level 9.0 Earth Magic
 + Level 9.0 Poison Magic
 + Level 11.4 Invocations
 + Level 10.6 Evocations


You had 11 spell levels left.
You knew the following spells:

 Your Spells              Type           Power        Failure   Level  Hunger
a - Beastly Appendage     Tmut           ######       1%          1    None
b - Spider Form           Tmut/Pois      ######....   1%          3    None
c - Ice Form              Ice/Tmut       ######..     1%          4    None
d - Blade Hands           Tmut           #######...   1%          5    None
e - Sticks to Snakes      Tmut           #######.     1%          2    None
f - Poisonous Vapours     Pois/Air       ######       1%          2    None
g - Tukima's Dance        Hex            ######..     1%          3    None
h - Orb of Destruction    Conj           ######....   41%         7    #####..


Dungeon Overview and Level Annotations

Branches:
Dungeon (14/15)            Temple (1/1) D:4            Lair (6/6) D:11
 Shoals (0/4) Lair:2        Snake (3/4) Lair:2        Slime (0/5) Lair:5
    Orc (0/2) D:12         Vaults (0/5) D:13

Altars:
Ashenzari
Cheibriados
Fedhas
Gozag
Hepliaklqana
Makhleb
Okawaru
Sif Muna
Uskayaw
Vehumet
Wu Jian
Xom

Shops:
D:13 }

Portals:
Hell: Lair:6
Trove: D:13 (give 5 scrolls of blinking)

Annotations:
Snake:3 Vashnia


Innate Abilities, Weirdness & Mutations

Your experience applies equally to all skills.
You have very sharp teeth.
Your uncanny sense of smell can sniff out nearby items.
You have a pair of small horns on your head.
You have sharp toenails.
You are somewhat resistant to further mutation.
Your natural rate of healing is unusually fast.


Message History

* * * LOW HITPOINT WARNING * * *
The naga sharpshooter gestures wildly while chanting.
The naga sharpshooter magically shoots an arrow.
The arrow hits you.
* * * LOW HITPOINT WARNING * * *
The naga sharpshooter shoots an arrow.
The arrow hits you!
* * * LOW HITPOINT WARNING * * *
The arrow burns you.
* * * LOW HITPOINT WARNING * * *
You feel much better.
The naga sharpshooter casts a spell.
The naga sharpshooter magically shoots a bolt.
The bolt hits you!!
* * * LOW HITPOINT WARNING * * *
Vashnia spits poison at you. The splash of poison misses you.
The naga sharpshooter gestures wildly while chanting.
The naga sharpshooter magically shoots an arrow.
The arrow hits you!
You die...

##....#..# ∆ .....
#......#.## .../..
#......N..# .......
#####.....N.NN# .......
.÷........NN#.#####..(...
####......(.§§(#.......##
# #...)...###§§(..##...#
### ## #......##
##.#(...#..#####.#
.####....##
#.@.....#.##....##
#..##...##
##(#....#..#####.##
###.##### #.##..##. .#
##.# ##...# #...#.#.###.#
##.. ##.##
#.##..##..#..###... ###.#
# ###.......##....
#.#.#### #..##..##.....
#......# #.#....# #.....
#..##### #.##>.####.....


You could see Vashnia and 4 naga sharpshooters.

Vanquished Creatures
  2 nagarajas (Snake:2)
  A minotaur (Lab)
  2 ice dragons (IceCv)
  Harold (Lair:1)
  3 hydras
  7 anacondas
  5 naga warriors
  2 catoblepae
  3 centaur warriors
  4 two-headed ogres
  A tengu warrior (D:14)
  5 naga sharpshooters
  3 shock serpents
  A deep elf knight (D:13)
  A fire crab (Lair:5)
  A deep troll (shapeshifter) (D:14)
  A wizard (Lair:6)
  A sixfirhy (Lair:6)
  3 unseen horrors
  A skeletal warrior (D:13)
  3 naga ritualists (Snake:1)
  Pikel (D:8)
  An orc knight (D:13)
  5 deep elf magi
  3 manticores
  7 mana vipers (Snake:1)
  8 ugly things
  3 cyclopes
  5 oklob plants
  3 salamanders
  6 elephants (Lair:4)
  A merfolk siren (Lair:2)
  3 guardian serpents (Snake:3)
  5 naga magi
  2 gargoyles
  2 ice statues (IceCv)
  26 black mambas
  An orange demon (Lair:6)
  A water nymph (shapeshifter) (D:14)
  A smoke demon (Lair:6)
  8 spiny frogs
  2 ice devils (Lair:6)
  4 centaur skeletons
  10 rime drakes
  7 komodo dragons
  A freezing wraith (D:14)
  A tengu conjurer (D:14)
  A troll (D:9)
  3 meliai (D:14)
  2 red devils (Lair:6)
  Prince Ribbit (D:9)
  Grinder (D:6)
  7 hippogriffs
  2 dream sheep (Lair:6)
  A slime creature (D:14)
  2 shadows
  2 wyverns
  2 wraiths
  Eustachio (D:6)
  Sigmund (D:6)
  2 basilisks (Lair:5)
  32 yaks
  Menkaure (D:5)
  2 hungry ghosts (D:12)
  7 vampire mosquitoes
  Edmund (D:6)
  13 nagas
  A soldier ant (D:13)
  17 water moccasins
  A porcupine (Lair:4)
  Duvessa (D:5)
  4 slaves (D:8)
  4 hell hounds (Lair:6)
  5 sky beasts
  9 orc warriors
  An eye of draining (D:13)
  18 ice beasts
  2 black bears (D:11)
  3 phantoms
  5 ogres
  6 wolves
  8 centaurs
  5 crocodiles
  A big kobold (D:7)
  Blork the orc (D:4)
  17 bullfrogs
  A wyvern zombie (D:6)
  Dowan (D:5)
  3 wyvern skeletons
  3 scorpions
  13 wights
  4 howler monkeys
  8 crimson imps
  2 bullfrog zombies
  3 centaur zombies
  5 hounds
  5 jellies
  6 orc priests
  6 bullfrog skeletons
  17 orc wizards
  5 iguanas
  8 worker ants
  A killer bee zombie (D:7)
  2 hound skeletons
  2 worker ant zombies
  15 adders
  A howler monkey skeleton (D:4)
  3 shadow imps
  12 white imps (D:13)
  6 oozes
  2 adder skeletons
  4 worms
  2 dart slugs
  7 leopard geckos
  53 orcs
  3 giant cockroaches
  7 goblins
  8 hobgoblins
  27 jackals
  9 kobolds
  4 quokkas
  4 ball pythons
  7 bats
  8 frilled lizards
  A leopard gecko zombie (D:5)
  A quokka zombie (D:5)
  9 rats
  2 fungi
  10 plants
661 creatures vanquished.

Vanquished Creatures (collateral kills)
  An ice beast (IceCv)
1 creature vanquished.

Vanquished Creatures (others)
  A plant (Lair:5)
1 creature vanquished.

Grand Total: 663 creatures vanquished

Notes
Turn   | Place    | Note
-------+----------+-------------------------------------------
     0 | D:1      | Truffans the Gnoll Transmuter began the quest for the Orb.
     0 | D:1      | Reached XP level 1. HP: 17/17 MP: 6/6
   138 | D:1      | Reached XP level 2. HP: 20/23 MP: 5/7
   388 | D:1      | Reached XP level 3. HP: 28/28 MP: 7/9
   400 | D:1      | Learned a level 3 spell: Spider Form
   454 | D:1      | Reached skill level 5 in Spellcasting
   959 | D:2      | Reached skill level 1 in Invocations
  1091 | D:2      | Reached skill level 1 in Short Blades
  1091 | D:2      | Reached skill level 1 in Long Blades
  1091 | D:2      | Reached skill level 1 in Axes
  1091 | D:2      | Reached skill level 1 in Maces & Flails
  1091 | D:2      | Reached skill level 1 in Polearms
  1091 | D:2      | Reached skill level 1 in Staves
  1091 | D:2      | Reached skill level 1 in Slings
  1091 | D:2      | Reached skill level 1 in Bows
  1091 | D:2      | Reached skill level 1 in Crossbows
  1091 | D:2      | Reached skill level 1 in Throwing
  1091 | D:2      | Reached skill level 1 in Armour
  1091 | D:2      | Reached skill level 1 in Stealth
  1091 | D:2      | Reached skill level 1 in Shields
  1091 | D:2      | Reached skill level 1 in Evocations
  1091 | D:2      | Reached XP level 4. HP: 30/34 MP: 6/11
  1170 | D:2      | Learned a level 4 spell: Ice Form
  1186 | D:2      | Noticed an ogre
  1199 | D:2      | Killed an ogre
  1199 | D:2      | Reached skill level 1 in Conjurations
  1199 | D:2      | Reached skill level 1 in Hexes
  1199 | D:2      | Reached skill level 1 in Charms
  1199 | D:2      | Reached skill level 1 in Summonings
  1199 | D:2      | Reached skill level 1 in Necromancy
  1199 | D:2      | Reached skill level 1 in Translocations
  1199 | D:2      | Reached skill level 1 in Fire Magic
  1199 | D:2      | Reached skill level 1 in Ice Magic
  1199 | D:2      | Reached skill level 1 in Air Magic
  1199 | D:2      | Reached skill level 1 in Earth Magic
  1199 | D:2      | Reached skill level 1 in Poison Magic
  1199 | D:2      | Reached XP level 5. HP: 31/40 MP: 5/12
  1206 | D:2      | Learned a level 5 spell: Blade Hands
  1961 | D:3      | Found a shimmering altar of Xom.
  2196 | D:3      | Reached XP level 6. HP: 47/47 MP: 11/13
  2705 | D:3      | Reached skill level 5 in Dodging
  3089 | D:4      | Found a staircase to the Ecumenical Temple.
  3089 | D:4      | Noticed Blork the orc
  3098 | D:4      | Killed Blork the orc
  3098 | D:4      | Reached XP level 7. HP: 52/52 MP: 10/15
  3108 | Temple   | Entered the Ecumenical Temple
  3133 | Temple   | Became a worshipper of Cheibriados the Contemplative
  3168 | D:4      | Found an iron altar of Okawaru.
  3494 | D:4      | Found an ornate altar of the Wu Jian Council.
  3556 | D:4      | Reached skill level 7 in Unarmed Combat
  4328 | D:5      | Entered Level 5 of the Dungeon
  4344 | D:5      | Found a deep blue altar of Sif Muna.
  4377 | D:5      | Reached * piety under Cheibriados
  4416 | D:5      | Reached XP level 8. HP: 60/60 MP: 13/16
  4634 | D:5      | Noticed Menkaure
  4647 | D:5      | Killed Menkaure
  4908 | D:5      | Noticed Dowan
  4909 | D:5      | Noticed Duvessa
  4918 | D:5      | Killed Duvessa
  4923 | D:5      | Killed Dowan
  5115 | D:6      | Noticed Edmund
  5146 | D:6      | Killed Edmund
  5331 | D:6      | Noticed Grinder
  5336 | D:6      | Paralysed by Grinder for 5 turns
  5342 | D:6      | Paralysed by Grinder for 7 turns
  5358 | D:6      | Paralysed by Grinder for 2 turns
  5368 | D:6      | Killed Grinder
  5368 | D:6      | Reached XP level 9. HP: 45/66 MP: 18/18
  5400 | D:6      | Learned a level 2 spell: Sticks to Snakes
  5645 | D:6      | Noticed Eustachio
  5651 | D:6      | Reached skill level 5 in Transmutations
  5656 | D:6      | Killed Eustachio
  5672 | D:6      | Reached ** piety under Cheibriados
  5704 | D:6      | Found a shattered altar of Ashenzari.
  5704 | D:6      | Found a radiant altar of Vehumet.
  5737 | D:6      | Noticed Sigmund
  5750 | D:6      | Killed Sigmund
  5760 | D:6      | Reached skill level 5 in Fighting
  5869 | D:6      | Found a hide-covered altar of Uskayaw.
  6555 | D:7      | Reached skill level 8 in Unarmed Combat
  6956 | D:7      | Reached skill level 5 in Invocations
  6963 | D:7      | Reached *** piety under Cheibriados
  7260 | D:8      | Reached XP level 10. HP: 49/74 MP: 18/20
  7868 | D:8      | Noticed Pikel
  7883 | D:8      | Killed Pikel
  7883 | D:8      | Reached skill level 5 in Short Blades
  7883 | D:8      | Reached skill level 5 in Long Blades
  7883 | D:8      | Reached skill level 5 in Axes
  7883 | D:8      | Reached skill level 5 in Maces & Flails
  7883 | D:8      | Reached skill level 5 in Polearms
  7883 | D:8      | Reached skill level 5 in Staves
  7883 | D:8      | Reached skill level 5 in Slings
  7883 | D:8      | Reached skill level 5 in Bows
  7883 | D:8      | Reached skill level 5 in Crossbows
  7883 | D:8      | Reached skill level 5 in Throwing
  7883 | D:8      | Reached skill level 5 in Armour
  7883 | D:8      | Reached skill level 5 in Stealth
  7883 | D:8      | Reached skill level 5 in Shields
  7883 | D:8      | Reached skill level 5 in Evocations
  8177 | D:9      | Found an opulent altar of Gozag.
  8179 | D:9      | Noticed Prince Ribbit
  8203 | D:9      | Killed Prince Ribbit
  8280 | D:9      | Got a heavily runed ring mail
  8328 | D:9      | Identified the +3 ring mail of the Gate {-Cast rN+ rCorr} (You found it on level 9 of the Dungeon)
  8435 | D:9      | Found a hazy altar of Hepliaklqana.
  8571 | D:9      | Reached **** piety under Cheibriados
  8750 | D:10     | Entered Level 10 of the Dungeon
  8948 | D:10     | Learned a level 2 spell: Poisonous Vapours
  8992 | D:10     | Noticed a two-headed ogre
  9002 | D:10     | Killed a two-headed ogre
  9002 | D:10     | Reached XP level 11. HP: 27/82 MP: 11/22
  9227 | D:10     | Found a hide-covered altar of Uskayaw.
 10181 | D:11     | Noticed a cyan ugly thing
 10185 | D:11     | Killed a cyan ugly thing
 10242 | D:11     | Found a staircase to the Lair.
 10253 | D:11     | Noticed an oklob plant
 10303 | D:11     | Reached skill level 9 in Unarmed Combat
 10321 | D:11     | Reached skill level 5 in Conjurations
 10321 | D:11     | Reached skill level 5 in Hexes
 10321 | D:11     | Reached skill level 5 in Charms
 10321 | D:11     | Reached skill level 5 in Summonings
 10321 | D:11     | Reached skill level 5 in Necromancy
 10321 | D:11     | Reached skill level 5 in Translocations
 10321 | D:11     | Reached skill level 5 in Fire Magic
 10321 | D:11     | Reached skill level 5 in Ice Magic
 10321 | D:11     | Reached skill level 5 in Air Magic
 10321 | D:11     | Reached skill level 5 in Earth Magic
 10321 | D:11     | Reached skill level 5 in Poison Magic
 10327 | D:11     | Reached ***** piety under Cheibriados
 10755 | D:11     | Noticed a brown ugly thing
 10765 | D:11     | Killed a brown ugly thing
 10996 | D:11     | Killed an oklob plant
 11075 | Lair:1   | Entered Level 1 of the Lair of Beasts
 11082 | Lair:1   | Noticed Harold
 11254 | Lair:1   | Learned a level 3 spell: Tukima's Dance
 11268 | Lair:1   | Killed Harold
 12148 | Lair:2   | Found a staircase to the Snake Pit.
 12403 | Lair:2   | Found a staircase to the Shoals.
 12476 | Lair:2   | Reached XP level 12. HP: 91/91 MP: 15/24
 13045 | Lair:3   | Noticed a five-headed hydra
 13057 | Lair:3   | Killed a five-headed hydra
 14797 | Lair:5   | Reached skill level 10 in Unarmed Combat
 14834 | Lair:5   | Noticed a catoblepas
 14848 | Lair:5   | Killed a catoblepas
 15279 | Lair:5   | Found a staircase to the Slime Pits.
 15286 | Lair:5   | Reached XP level 13. HP: 85/98 MP: 23/26
 16467 | D:12     | Reached ****** piety under Cheibriados
 16544 | D:12     | Found a staircase to the Orcish Mines.
 17177 | D:13     | Found a portal to a secret trove of treasure.
 17207 | D:13     | Found Quneirch's Gadget Emporium.
 17257 | D:13     | Found a frozen archway.
 17294 | IceCv    | Entered an ice cave
 17478 | IceCv    | Noticed an ice dragon
 17482 | IceCv    | Noticed an ice dragon
 17526 | IceCv    | Killed an ice dragon
 17535 | IceCv    | Killed an ice dragon
 18185 | D:13     | HP: 5/101 [deep elf knight/long sword (15)]
 18194 | D:13     | Reached skill level 10 in Spellcasting
 18204 | D:13     | Reached XP level 14. HP: 40/108 MP: 19/28
 18558 | D:13     | Found a gate to the Vaults.
 18707 | D:13     | Reached skill level 10 in Dodging
 19119 | D:14     | Reached skill level 11 in Unarmed Combat
 19660 | D:14     | Reached skill level 10 in Invocations
 20765 | Lair:1   | Gained mutation: You have a pair of small horns on your head. [potion of mutation]
 20765 | Lair:1   | Gained mutation: You have sharp toenails. [potion of mutation]
 20765 | Lair:1   | Gained mutation: Your natural rate of healing is unusually fast. [potion of mutation]
 20765 | Lair:1   | Gained mutation: You are somewhat resistant to further mutation. [potion of mutation]
 20921 | Lair:6   | Entered Level 6 of the Lair of Beasts
 20951 | Lair:6   | Found a labyrinth entrance.
 20966 | Lab      | Entered a labyrinth
 21376 | Lab      | Got a faintly glowing brass ring
 21377 | Lab      | Got a crude spear {pierce}
 21389 | Lab      | Got a dazzling chain mail
 21389 | Lab      | Got a pitted leather armour
 21394 | Lair:6   | Identified the +0 spear "Seys" {pierce, *Corrode rN++} (You took it off a minotaur in a labyrinth)
 21396 | Lair:6   | Identified the ring of Newio {+Fly rF- rN++ Stlth+} (You took it off a minotaur in a labyrinth)
 21483 | Lair:6   | Found a blossoming altar of Fedhas.
 21726 | Lair:6   | Learned a level 7 spell: Orb of Destruction
 21977 | Lair:6   | Identified the +4 chain mail "Deditoa" {rPois rC- rCorr SInv} (You found it in a labyrinth)
 21987 | Lair:6   | Identified the +2 leather armour "Vimm" {Dex-4 Slay+6} (You found it in a labyrinth)
 22656 | Lair:6   | Reached XP level 15. HP: 115/115 MP: 20/29
 22680 | Lair:6   | Found a burning altar of Makhleb.
 22703 | Lair:6   | Reached skill level 10 in Fighting
 22826 | Lair:6   | Found a gateway to Hell.
 22997 | Lair:1   | Reached XP level 16. HP: 122/122 MP: 30/30
 23451 | Snake:1  | Entered Level 1 of the Snake Pit
 23787 | Snake:1  | Reached skill level 10 in Short Blades
 23787 | Snake:1  | Reached skill level 10 in Long Blades
 23787 | Snake:1  | Reached skill level 10 in Axes
 23787 | Snake:1  | Reached skill level 10 in Maces & Flails
 23787 | Snake:1  | Reached skill level 10 in Polearms
 23787 | Snake:1  | Reached skill level 10 in Staves
 23787 | Snake:1  | Reached skill level 10 in Slings
 23787 | Snake:1  | Reached skill level 10 in Bows
 23787 | Snake:1  | Reached skill level 10 in Crossbows
 23787 | Snake:1  | Reached skill level 10 in Throwing
 23787 | Snake:1  | Reached skill level 10 in Armour
 23787 | Snake:1  | Reached skill level 10 in Stealth
 23787 | Snake:1  | Reached skill level 10 in Shields
 23787 | Snake:1  | Reached skill level 10 in Evocations
 24902 | Snake:1  | Reached skill level 12 in Unarmed Combat
 26254 | Snake:2  | Noticed a nagaraja
 26295 | Snake:2  | Noticed a nagaraja
 26299 | Snake:2  | Killed a nagaraja
 26304 | Snake:2  | Killed a nagaraja
 26997 | Snake:3  | Noticed Vashnia
 27453 | Snake:3  | HP: 3/124 [naga sharpshooter/arrow[Vashnia] (6)]
 27454 | Snake:3  | Shot with an arrow by a naga sharpshooter

Skill      XL: |  1  2  3  4  5  6  7  8  9 10 11 12 13 14 15 16 |
---------------+-------------------------------------------------+-----
Spellcasting   | 5 6 7 8 9 10 11 | 11.6
Invocations    | 1 2 3 4 5 6 7 8 9 10 11 | 11.4
Short Blades   | 1 2 3 4 5 6 7 8 9 10 | 10.6
Long Blades    | 1 2 3 4 5 6 7 8 9 10 | 10.6
Axes           | 1 2 3 4 5 6 7 8 9 10 | 10.6
Maces & Flails | 1 2 3 4 5 6 7 8 9 10 | 10.6
Polearms       | 1 2 3 4 5 6 7 8 9 10 | 10.6
Staves         | 1 2 3 4 5 6 7 8 9 10 | 10.6
Slings         | 1 2 3 4 5 6 7 8 9 10 | 10.6
Bows           | 1 2 3 4 5 6 7 8 9 10 | 10.6
Crossbows      | 1 2 3 4 5 6 7 8 9 10 | 10.6
Throwing       | 1 2 3 4 5 6 7 8 9 10 | 10.6
Armour         | 1 2 3 4 5 6 7 8 9 10 | 10.6
Stealth        | 1 2 3 4 5 6 7 8 9 10 | 10.6
Shields        | 1 2 3 4 5 6 7 8 9 10 | 10.6
Evocations     | 1 2 3 4 5 6 7 8 9 10 | 10.6
Conjurations   | 1 2 3 4 5 6 7 8 9 |  9.0
Hexes          | 1 2 3 4 5 6 7 8 9 |  9.0
Charms         | 1 2 3 4 5 6 7 8 9 |  9.0
Summonings     | 1 2 3 4 5 6 7 8 9 |  9.0
Necromancy     | 1 2 3 4 5 6 7 8 9 |  9.0
Translocations | 1 2 3 4 5 6 7 8 9 |  9.0
Fire Magic     | 1 2 3 4 5 6 7 8 9 |  9.0
Ice Magic      | 1 2 3 4 5 6 7 8 9 |  9.0
Air Magic      | 1 2 3 4 5 6 7 8 9 |  9.0
Earth Magic    | 1 2 3 4 5 6 7 8 9 |  9.0
Poison Magic   | 1 2 3 4 5 6 7 8 9 |  9.0
Fighting       | 3 4 5 6 7 8 9 10 | 10.9
Transmutations | 4 5 6 7 8 9 |  9.8
Dodging        | 5 6 7 8 9 10 11 | 11.4
Unarmed Combat | 7 8 9 10 11 12 | 12.2

Action                   |  1- 3 |  4- 6 |  7- 9 | 10-12 | 13-15 | 16-18 || total
-------------------------+-------+-------+-------+-------+-------+-------++-------
Melee: Unarmed           |    85 |   136 |   227 |   372 |   490 |   190 ||  1500
       Kick              |     5 |       |     2 |       |       |       ||     7
       Headbutt          |     4 |       |       |     2 |     6 |    19 ||    31
       Punch             |     1 |     2 |     1 |    23 |    23 |     1 ||    51
       Bite              |     3 |     1 |     1 |    36 |    42 |    13 ||    96
       Staff             |       |       |       |     3 |    16 |       ||    19
 Fire: Fustibalus        |       |       |       |       |       |    79 ||    79
       Shortbow          |       |       |       |       |       |    66 ||    66
       Arbalest          |       |       |       |       |       |     5 ||     5
Throw: Stone             |       |    23 |    36 |    83 |    41 |       ||   183
       Tomahawk          |       |       |       |       |     2 |       ||     2
       Javelin           |       |       |       |       |    16 |       ||    16
 Cast: Beastly Appendage |    15 |       |     4 |     4 |       |       ||    23
       Spider Form       |     3 |    27 |    11 |     1 |       |       ||    42
       Ice Form          |       |     1 |    23 |    43 |    36 |    30 ||   133
       Blade Hands       |       |       |     2 |    19 |    35 |     9 ||    65
       Poisonous Vapours |       |       |       |   100 |   106 |     4 ||   210
       Tukima's Dance    |       |       |       |     1 |       |       ||     1
       Sticks to Snakes  |       |       |       |       |     4 |       ||     4
       Orb of Destructio |       |       |       |       |     3 |     1 ||     4
Invok: Slouch            |       |       |       |     1 |     6 |     3 ||    10
       Step From Time    |       |       |       |       |     2 |     1 ||     3
 Abil: End Transformatio |       |       |     2 |     9 |    14 |    16 ||    41
Evoke: Wand              |       |       |       |     9 |     4 |     7 ||    20
       Lamp of fire      |       |       |       |       |     2 |     1 ||     3
  Use: Scroll            |     1 |     2 |     1 |     8 |    16 |     5 ||    33
       Potion            |       |     1 |       |       |    13 |     2 ||    16
 Stab: Sleeping          |       |     2 |     3 |     5 |     3 |     1 ||    14
       Distracted        |       |       |       |       |     1 |       ||     1
  Eat: Chunk             |     1 |     8 |    13 |     8 |     7 |     1 ||    38
       Ration            |       |       |       |     3 |     4 |     3 ||    10
Armor: Robe              |     9 |     5 |       |       |       |       ||    14
       Skin              |     1 |     3 |    23 |    25 |    19 |     8 ||    79
       Troll leather arm |       |       |       |    11 |    10 |       ||    21
       Ice dragon scales |       |       |       |       |    43 |       ||    43
       Leather armour    |       |       |       |       |     1 |     8 ||     9
Dodge: Dodged            |    53 |   116 |   141 |   172 |   348 |   258 ||  1088
Block: Other             |       |       |    37 |    47 |    71 |    30 ||   185
       Reflection        |       |       |     2 |       |     4 |     5 ||    11
       Buckler           |       |       |       |       |     1 |     8 ||     9
